 Dungeon Crawl Stone Soup version 0.21.1-1-g345015f (webtiles) character file.

1255 VLARC the Carver (level 8, -1/44 HPs)
             Began as a Vine Stalker Gladiator on Mar 25, 2018.
             Was a Believer of Nemelex Xobeh.
             Slain by a two-headed ogre
             ... wielding a +0 giant spiked club
              (15 damage)
             ... on level 7 of the Dungeon.
             The game lasted 00:09:35 (4330 turns).

VLARC the Carver (Vine Stalker Gladiator)           Turns: 4330, Time: 00:09:35

Health: -1/44      AC:  8    Str: 18    XL:     8   Next: 51%
Magic:  0/9        EV: 13    Int: 11    God:    Nemelex Xobeh [**....]
Gold:   202        SH:  0    Dex: 17    Spells: 7/7 levels left

rFire    . . .     SeeInvis .   a - +0 long sword
rCold    + . .     Gourm    .   (no shield)
rNeg     . . .     Faith    .   F - +0 leather armour {rC+}
rPois    .         Spirit   +   h - +0 helmet {Int+3}
rElec    .         Reflect  .   p - +0 cloak
rCorr    .         Harm     .   E - +0 pair of gloves
MR       +....                  z - +1 pair of boots
Stlth    +.........             (no amulet)
HPRegen  0.54/turn              (no ring)
MPRegen  0.11/turn              (no ring)

@: no status effects
A: fangs 3, regeneration 1, magic shield, antimagic bite, no potion heal 3, rot
immunity
a: Renounce Religion


You were on level 7 of the Dungeon.
You worshipped Nemelex Xobeh.
Nemelex Xobeh was pleased with you.
You were not hungry.

You visited 1 branch of the dungeon, and saw 7 of its levels.

You collected 317 gold pieces.
You spent 115 gold pieces at shops.

Inventory:

Hand Weapons
 a - a +0 long sword (weapon)
Missiles
 d - 3 throwing nets (quivered)
Armour
 h - a +0 helmet of intelligence (worn)
 p - a +0 cloak (worn)
 z - a +1 pair of boots (worn)
 E - a +0 pair of gloves (worn)
 F - a +0 leather armour of cold resistance (worn)
Wands
 y - a wand of flame (23)
 A - a wand of polymorph (19)
Scrolls
 e - 3 scrolls of fog
 g - 2 scrolls of identify
 i - a scroll of teleportation
 j - 6 scrolls of remove curse
 k - a scroll of magic mapping {unknown}
 q - a scroll of random uselessness {unknown}
 s - a scroll of enchant armour
 w - 2 scrolls of blinking
 C - a scroll of enchant weapon {unknown}
Potions
 l - 2 potions of lignification
 m - a potion of invisibility {unknown}
 n - a potion of cancellation {unknown}
 r - a potion of ambrosia
 t - 2 potions of curing
 u - 2 potions of mutation
 v - a potion of haste
 G - a potion of magic
Books
 B - a book of Callings

   Spells                             Type                      Level
   a - Summon Small Mammal            Summoning                    1
   b - Call Imp                       Summoning                    2
   c - Call Canine Familiar           Summoning                    3
   d - Summon Guardian Golem          Hexes/Summoning              3
   e - Summon Lightning Spire         Summoning/Air                4
   f - Summon Ice Beast               Ice/Summoning                4
 D - a book of Minor Magic

   Spells                             Type                      Level
   a - Magic Dart                     Conjuration                  1
   b - Blink                          Translocation                2
   c - Call Imp                       Summoning                    2
   d - Slow                           Hexes                        2
   e - Conjure Flame                  Conjuration/Fire             3
   f - Mephitic Cloud                 Conjuration/Poison/Air       3
Miscellaneous
 b - a plain deck of destruction {drawn: 4}
 c - a plain deck of destruction
 o - a plain deck of summoning {drawn: 4}
 x - a plain deck of destruction
Comestibles
 f - 8 rations


   Skills:
 + Level 5.4 Fighting
 * Level 8.0 Long Blades
 - Level 1.7 Throwing
 - Level 2.4 Dodging


You had 7 spell levels left.
You didn't know any spells.

Dungeon Overview and Level Annotations

Branches:
Dungeon (7/15)             Temple (0/1) D:4

Altars:
Nemelex Xobeh

Shops:
D:5 :=   D:7 *(


Innate Abilities, Weirdness & Mutations

You have razor-sharp teeth.
Your natural rate of healing is unusually fast.
When hurt, damage is shared between your health and your magic reserves.
Your bite disrupts and absorbs the magic of your enemies.
Potions cannot restore your health.
You are immune to rotting.


Message History

j - 6 scrolls of remove curse (gained 1)
There is an entrance to Tigaeh's Antique Weapon Boutique here.
You now have 202 gold pieces (gained 11).
A two-headed ogre comes into view. It is wielding two giant spiked clubs.
The two-headed ogre shouts in stereo!
Evoke which item? (* to show all) (? for menu, Esc to quit)
You draw a card...
It is the Pentagram.
The two-headed ogre hits you with a giant spiked club! x2
The two-headed ogre hits your hell hound with a giant spiked club!!
Your hell hound dies!
Your hell hound's corpse disappears in a puff of smoke!
Your chaos spawn closely misses the two-headed ogre.
Your chaos spawn hits the two-headed ogre.
Your chaos spawn freezes the two-headed ogre!
You barely miss the two-headed ogre. You bite the two-headed ogre.
You drain its power.
You feel invigorated.
The two-headed ogre is heavily wounded.
The two-headed ogre hits you with a giant spiked club!! x2
You die...
Your body disappears without a glow.

.........# ############
(#...##### #..........#
.###.##########..........#
## #......)).##..........#
# #########............(#
# ####..........#
#..........# #..........#
#.@..#.#...# ####
#.O...∩....# ....
########.4..#.#...# ###.
........#####....##
#######..........#
#######....# ######


You could see a two-headed ogre and a friendly chaos spawn.

Vanquished Creatures
  2 ice beasts
  An orc warrior (D:6)
  A phantom (D:7)
  2 centaurs
  2 bullfrogs
  A bullfrog skeleton (D:7)
  5 orc wizards (D:7)
  A hound (D:6)
  An orc priest (D:3)
  3 worker ants
  4 gnolls (D:4)
  6 adders
  An adder skeleton (D:7)
  2 worms
  2 dart slugs
  2 leopard geckos
  16 orcs
  3 ball pythons
  3 giant cockroaches
  2 goblins (D:1)
  6 hobgoblins
  20 jackals
  7 kobolds
  4 quokkas
  4 bats
  6 frilled lizards
  A giant cockroach zombie (D:5)
  A jackal skeleton (D:4)
  A leopard gecko zombie (D:6)
  11 rats
121 creatures vanquished.

Vanquished Creatures (collateral kills)
  The ghost of Redear the Slasher, an amateur VSFi of Cheibriados (D:3)
  2 iguanas (D:4)
  A leopard gecko (D:4)
4 creatures vanquished.

Grand Total: 125 creatures vanquished

Notes
Turn   | Place    | Note
-------+----------+-------------------------------------------
     0 | D:1      | VLARC the Vine Stalker Gladiator began the quest for the Orb.
     0 | D:1      | Reached XP level 1. HP: 11/11 MP: 2/2
    60 | D:1      | Reached skill level 3 in Long Blades
    61 | D:1      | Reached XP level 2. HP: 15/15 MP: 1/3
   229 | D:1      | Found a sparkling altar of Nemelex Xobeh.
   265 | D:1      | Became a worshipper of Nemelex Xobeh the Trickster
   472 | D:2      | Reached XP level 3. HP: 18/18 MP: 4/4
   574 | D:2      | Received a gift from Nemelex Xobeh
   623 | D:2      | Gained mutation: Your natural rate of healing is unusually fast. [Vine Stalker growth]
   623 | D:2      | Reached XP level 4. HP: 23/23 MP: 5/5
   626 | D:2      | Reached skill level 4 in Long Blades
  1004 | D:3      | Noticed Redear's ghost (amateur VSFi)
  1011 | D:3      | Killed Redear's ghost
  1011 | D:3      | Reached XP level 5. HP: 28/28 MP: 6/6
  1455 | D:3      | Received a gift from Nemelex Xobeh
  1507 | D:3      | Reached * piety under Nemelex Xobeh
  1997 | D:4      | Reached skill level 5 in Long Blades
  2010 | D:4      | Reached XP level 6. HP: 29/32 MP: 7/7
  2090 | D:4      | HP: 1/32 [iguana (10)]
  2195 | D:4      | Found a staircase to the Ecumenical Temple.
  2645 | D:5      | Entered Level 5 of the Dungeon
  2734 | D:5      | Found Akastru's Jewellery Emporium.
  3009 | D:5      | Reached skill level 6 in Long Blades
  3009 | D:5      | Reached XP level 7. HP: 32/37 MP: 6/8
  3086 | D:5      | Reached ** piety under Nemelex Xobeh
  3087 | D:5      | Found Vavim's Book Boutique.
  3118 | D:5      | Received a gift from Nemelex Xobeh
  3725 | D:6      | Reached skill level 7 in Long Blades
  4028 | D:7      | Gained mutation: You have razor-sharp teeth. [Vine Stalker growth]
  4028 | D:7      | Reached XP level 8. HP: 39/42 MP: 9/9
  4039 | D:7      | Reached skill level 5 in Fighting
  4098 | D:7      | Found Viric's General Store.
  4119 | D:7      | Bought a +0 helmet of intelligence for 115 gold pieces
  4150 | D:7      | Received a gift from Nemelex Xobeh
  4250 | D:7      | Found Tigaeh's Antique Weapon Boutique.
  4269 | D:7      | Reached skill level 8 in Long Blades
  4323 | D:7      | Noticed a two-headed ogre
  4330 | D:7      | Slain by a two-headed ogre

Skill      XL: |  1  2  3  4  5  6  7  8 |
---------------+-------------------------+-----
Fighting       | 2 3 4 5 |  5.4
Long Blades    | 3 4 5 6 7 8 |  8.0
Throwing       | |  1.7
Dodging        | |  2.4

Action                   |  1- 3 |  4- 6 |  7- 9 || total
-------------------------+-------+-------+-------++-------
Melee: Long sword        |    55 |   174 |    87 ||   316
       Bite              |    13 |    70 |    28 ||   111
Evoke: Deck              |       |     3 |     5 ||     8
  Use: Scroll            |       |     9 |     9 ||    18
 Stab: Sleeping          |     2 |     1 |       ||     3
  Eat: Chunk             |       |     7 |     4 ||    11
Armor: Leather armour    |    14 |    30 |    29 ||    73
Dodge: Dodged            |    52 |   109 |    45 ||   206
       Rpst.: Long sword |    22 |    40 |    12 ||    74
